 Dungeon Crawl Stone Soup version 0.27-a0-1177-g245c70e1c0 (webtiles) character file.

Game seed: 10696353071764815836

9685 Froggeryz the Frost Mage (level 11, -5/104 HPs)
             Began as an Ogre Ice Elementalist on May 16, 2021.
             Was a Follower of Vehumet.
             Slain by a jumping spider (9 damage)
             ... in a Gauntlet.
             The game lasted 00:25:02 (18171 turns).

Froggeryz the Frost Mage (Ogre Ice Elementalist)   Turns: 18171, Time: 00:25:02

Health: -5/104     AC:  6    Str: 20    XL:     11   Next: 50%
Magic:  7/18       EV: 10    Int: 19    God:    Vehumet [*.....]
Gold:   1280       SH:  0    Dex:  9    Spells: 9/20 levels left

rFire    . . .     SeeInvis .   f - +3 scimitar
rCold    . . .     Faith    .   (no shield)
rNeg     . . .     Spirit   .   b - +1 robe {Will+}
rPois    .         Reflect  .   F - +1 hat
rElec    .         Harm     .   k - +0 cloak
rCorr    .         Rampage  .   (gloves unavailable)
Will     ++...     NoTele   +   (boots unavailable)
Stlth    +.........             e - amulet of magic regeneration
HPRegen  0.27/turn              t - +6 ring of strength
MPRegen  0.41/turn              C - ring of flight

@: lethally poisoned (-5 -> -43), freezing walls, flying
A: large, unfitting armour, tough skin 1
a: Renounce Religion


You were in a Gauntlet.
You worshipped Vehumet.
Vehumet was aware of your devotion.
You visited 3 branches of the dungeon, and saw 12 of its levels.
You also visited: Gauntlet.

You collected 1432 gold pieces.
You spent 152 gold pieces at shops.

Inventory:

Hand Weapons
 f - a +3 scimitar (weapon)
Missiles
 a - 2 throwing nets
 g - 6 boomerangs of dispersal
Armour
 b - a +1 robe of willpower (worn)
 k - a +0 cloak (worn)
 F - a +1 hat (worn)
Jewellery
 e - an amulet of magic regeneration (around neck)
 t - a +6 ring of strength (left hand)
 C - a ring of flight (right hand)
Wands
 m - a wand of iceblast (2)
 o - a wand of charming (6)
 A - a wand of digging (9)
 G - a wand of acid (11)
Scrolls
 c - 2 scrolls of fear
 d - 2 scrolls of immolation
 q - a scroll of fog
 u - 3 scrolls of noise
 v - 4 scrolls of enchant weapon
 w - a scroll of blinking
 E - a scroll of teleportation
Potions
 h - a potion of curing
 i - a potion of mutation
 j - a potion of attraction
 l - 2 potions of cancellation
 n - a potion of magic
 p - 2 potions of haste {unknown}
 r - a potion of lignification
 z - 2 potions of brilliance
 B - 3 potions of ambrosia
 D - a potion of flight
Miscellaneous
 x - a phantom mirror


   Skills:
 * Level 5.5 Fighting
 + Level 3.2 Dodging
 - Level 1.4 Stealth
 - Level 5.0 Spellcasting
 - Level 5.0 Summonings
 - Level 14.0 Ice Magic


You had 9 spell levels left.
You knew the following spells:

 Your Spells              Type           Power      Damage    Failure   Level
a - Freeze                Ice            100%       1d11      1%          1
b - Frozen Ramparts       Ice            100%       1d12      1%          3
c - Ozocubu's Armour      Ice            55%        N/A       1%          3
d - Summon Ice Beast      Ice/Summ       40%        N/A       2%          4

Your spell library contained the following spells:

 Spells                   Type           Power      Damage    Failure   Level
 Searing Ray              Conj           8%         3d3       19%         2
 Summon Small Mammal      Summ           92%        N/A       1%          1
 Call Imp                 Summ           23%        N/A       2%          2
 Call Canine Familiar     Summ           23%        N/A       4%          3
 Hailstorm                Conj/Ice       31%        3d8       7%          4
 Apportation              Tloc           8%         N/A       12%         1
 Sandblast                Erth           8%         2d5       12%         1
 Shock                    Conj/Air       16%        1d4       12%         1
 Summon Guardian Golem    Hex/Summ       14%        N/A       13%         3
 Passwall                 Tmut/Erth      3%         N/A       19%         2
 Static Discharge         Conj/Air       4%         N/A       19%         2
 Metabolic Englaciation   Hex/Ice        15%        N/A       19%         5
 Lesser Beckoning         Tloc           2%         N/A       36%         3
 Stone Arrow              Conj/Erth      8%         3d7       36%         3
 Swiftness                Air            4%         N/A       36%         3
 Tukima's Dance           Hex            4%         N/A       36%         3
 Summon Lightning Spire   Summ/Air       14%        N/A       41%         4
 Airstrike                Air            2%         N/A       77%         4
 Petrify                  Tmut/Erth      4%         N/A       77%         4
 Alistair's Intoxication  Tmut/Pois      2%         N/A       98%         5
 Lee's Rapid Deconstruct  Erth           2%         3d5*      98%         5
 Lightning Bolt           Conj/Air       2%         1d13      98%         5
 Invisibility             Hex            4%         N/A       100%        6


Dungeon Overview and Level Annotations

Branches:
Dungeon (9/15)             Temple (1/1) D:5            Lair (2/6) D:9
Gauntlet (1/1)
  Swamp: Lair:2-4    Shoals: Lair:2-4     Snake: Lair:2-4    Spider: Lair:2-4
    Orc: D:9-12

Altars:
Ashenzari
Cheibriados
Dithmenos
Elyvilon
Fedhas
Gozag
Hepliaklqana
Kikubaaqudgha
Makhleb
Nemelex Xobeh
Okawaru
Qazlal
Ru
Sif Muna
Uskayaw
Vehumet
Wu Jian
Xom
Yredelemnul
Zin
The Shining One

Shops:
D:2 [   D:8 [

Annotations:
D:7 4 runed translucent doors Gauntlet 11 transporters, 21 runed translucent doors


Innate Abilities, Weirdness & Mutations

You are too large for most types of armour.
You have tough skin. (AC +1)


Message History

The elephant trumpets!
The jumping spider leaps!
The redback closely misses you.
The entropy weaver hits you but does no damage.
The entropy weaver hits you!
The entropy weaver hits you but does no damage.
The entropy weaver hits you!
* * * LOW HITPOINT WARNING * * *
Unknown command.
Casting: Summon Ice Beast (mildly dangerous; 2% risk of failure)
Confirm with . or Enter, or press ? or * to list all spells.
Casting: Frozen Ramparts (safe; 1% risk of failure)
Press: ? - help, Dir - look around, f - activate The walls around you are covered in ice.
The wall freezes the jumping spider.
The wall freezes the redback.
The redback barely misses you.
Your ice beast barely misses the redback.
The wall freezes the entropy weaver.
The entropy weaver hits you.
* * * LOW HITPOINT WARNING * * *
The entropy weaver hits you!
* * * LOW HITPOINT WARNING * * *
The entropy weaver hits you but does no damage.
The entropy weaver hits you!
* * * LOW HITPOINT WARNING * * *
Your ice beast misses the entropy weaver.
Unknown command.
You feel much better.
The wall freezes the redback but does no damage.
The redback bites you.
* * * LOW HITPOINT WARNING * * *
You are lethally poisoned!
The redback poisons you!
The wall freezes the jumping spider.
The jumping spider pounces on you.
* * * LOW HITPOINT WARNING * * *
The jumping spider bites you.
* * * LOW HITPOINT WARNING * * *
Your ice beast hits the redback.
Your ice beast freezes the redback!
The wall freezes the redback.
The redback bites you!
* * * LOW HITPOINT WARNING * * *
The wall freezes the jumping spider.
The jumping spider pounces on you!
You die...

.....#...#Y.#+++#.Y#©.....#
.....#...#.........####.8.#
.....#...#..[?YYYY.#..#...#
######...###########..#.8.#
.......≈.............≈#...#
......≈8§............∩#.8....
.......≈.............≈#...##.
######...###########..#.8.#
.....#...#...)©!@s.#..#...#
..##.#...#.....Bs..####.8.#
.##.?#...#..#..Y#Y.#©.....#
.#...###.#.......Y.####.8.#
©#..©#©#.#....©....#..#...#
.#..[#.#.#.........#..#≈8≈
.##..#.#.#..#...#..#..#
..##.#.#.#.........#..#
.....#.#.#.........#..#


You could see a dire elephant, an entropy weaver (ally target), 3 elephants, a
jumping spider, a redback and 3 friendly ice beasts.

Vanquished Creatures
  A hydra (Lair:1)
  Harold (D:7)
  A two-headed ogre (D:9)
  A cane toad (Lair:1)
  A raiju (Gauntlet)
  A shadow (D:9)
  A vampire (D:9)
  2 yaks (Lair:2)
  2 steam dragons
  Grum (D:9)
  2 water moccasins (Lair:2)
  2 swamp worms (Gauntlet)
  2 orc warriors
  An ice beast (D:7)
  3 ogres
  3 centaurs
  2 wolves (D:9)
  2 phantoms
  2 kobold brigands
  2 gnoll sergeants
  3 scorpions
  6 bullfrogs
  6 killer bees (D:8)
  14 wights
  A howler monkey (D:6)
  4 centaur zombies
  3 hounds
  2 jellies
  Crazy Yiuf (D:2)
  6 orc priests
  2 bullfrog skeletons
  3 iguanas
  A scorpion zombie (D:5)
  9 orc wizards
  A killer bee zombie (D:8)
  A howler monkey zombie (D:9)
  Robin (D:4)
  13 gnolls
  3 adders
  A white imp (D:7)
  An adder skeleton (D:5)
  4 worms (D:3)
  A dart slug (D:2)
  21 orcs
  3 ball pythons
  4 endoplasms
  3 giant cockroaches
  8 hobgoblins
  9 jackals
  4 quokkas
  9 bats
  9 frilled lizards
  17 goblins
  23 kobolds
  9 rats
239 creatures vanquished.

Vanquished Creatures (collateral kills)
  Gastronok (Lair:2)
  A hydra (Lair:1)
  Nergalle (Lair:2)
  A cane toad (Lair:1)
  A komodo dragon (Lair:1)
  A yak (Lair:2)
  A water moccasin (Lair:2)
  A black bear (Lair:2)
  3 wights (D:9)
  A howler monkey zombie (D:9)
12 creatures vanquished.

Vanquished Creatures (others)
  2 bushes (Lair:1)
  10 fungi
  83 plants
95 creatures vanquished.

Grand Total: 346 creatures vanquished

Notes
Turn   | Place    | Note
-------+----------+-------------------------------------------
     0 | D:1      | Froggeryz the Ogre Ice Elementalist began the quest for the
                  | Orb.
     0 | D:1      | Reached XP level 1. HP: 16/16 MP: 3/3
    19 | D:1      | Found a faded altar of an unknown god.
   174 | D:1      | Reached skill level 4 in Ice Magic
   174 | D:1      | Reached XP level 2. HP: 20/24 MP: 0/5
   492 | D:1      | Reached XP level 3. HP: 31/31 MP: 3/6
  1332 | D:2      | Found Abebb's Armour Shoppe.
  1455 | D:2      | Reached skill level 5 in Ice Magic
  1511 | D:2      | Reached XP level 4. HP: 36/39 MP: 5/7
  1642 | D:2      | Learned a level 3 spell: Frozen Ramparts
  1750 | D:2      | Found a runed translucent door.
  1751 | D:2      | Noticed Crazy Yiuf
  2190 | D:2      | Killed Crazy Yiuf
  2518 | D:2      | Reached XP level 5. HP: 20/45 MP: 0/8
  2763 | D:3      | Reached skill level 6 in Ice Magic
  3468 | D:3      | Reached XP level 6. HP: 53/53 MP: 7/9
  4455 | D:4      | Reached skill level 7 in Ice Magic
  4615 | D:4      | Noticed Robin
  4633 | D:4      | Found a snail-covered altar of Cheibriados.
  4636 | D:4      | Killed Robin
  4656 | D:4      | Reached XP level 7. HP: 5/59 MP: 10/10
  4961 | D:4      | Found an opulent altar of Gozag.
  4972 | D:4      | Found an iron altar of Okawaru.
  5365 | D:2      | Bought a +1 robe of willpower for 152 gold pieces
  5457 | D:5      | Entered Level 5 of the Dungeon
  5485 | D:5      | Reached skill level 8 in Ice Magic
  5738 | D:5      | Learned a level 3 spell: Ozocubu's Armour
  6115 | D:5      | Reached XP level 8. HP: 67/67 MP: 4/11
  6175 | D:5      | Found a staircase to the Ecumenical Temple.
  6266 | Temple   | Entered the Ecumenical Temple
  6571 | D:5      | Reached skill level 9 in Ice Magic
  7544 | D:6      | Reached skill level 10 in Ice Magic
  7956 | D:6      | Found a radiant altar of Vehumet.
  7974 | D:6      | Became a worshipper of Vehumet
  8068 | D:6      | Found a hide-covered altar of Uskayaw.
  8218 | D:6      | Reached XP level 9. HP: 51/74 MP: 8/12
  8372 | D:6      | Found a glowing silver altar of Zin.
  8760 | D:6      | Reached skill level 11 in Ice Magic
  9539 | D:7      | Found a huge runed translucent gate.
  9539 | D:7      | Found a huge runed translucent gate.
  9539 | D:7      | Found a huge runed translucent gate.
  9539 | D:7      | Noticed a polar bear
  9540 | D:7      | Noticed a polar bear
  9541 | D:7      | Noticed a polar bear
  9547 | D:7      | Noticed a manticore
  9557 | D:7      | Found a huge runed translucent gate.
  9569 | D:7      | Noticed Harold
  9578 | D:7      | Killed Harold
  9579 | D:7      | Reached skill level 12 in Ice Magic
  9835 | D:7      | Found a white marble altar of Elyvilon.
  9836 | D:7      | Found a sacrificial altar of Ru.
 10100 | D:7      | Found a sparkling altar of Nemelex Xobeh.
 10508 | D:8      | Reached XP level 10. HP: 41/81 MP: 13/13
 10515 | D:8      | Found Istrolici's Armour Boutique.
 11245 | D:8      | Reached skill level 13 in Ice Magic
 12164 | D:8      | Reached * piety under Vehumet
 12164 | D:8      | Offered knowledge of Sandblast by Vehumet.
 12440 | D:9      | Noticed a two-headed ogre
 12516 | D:9      | Killed a two-headed ogre
 12569 | D:9      | Found a staircase to the Lair.
 13071 | D:9      | Noticed Grum
 13094 | D:9      | Killed Grum
 13095 | D:9      | Reached skill level 14 in Ice Magic
 13112 | D:9      | Learned a level 4 spell: Summon Ice Beast
 13518 | D:9      | Reached skill level 1 in Summonings
 14869 | Lair:1   | Entered Level 1 of the Lair of Beasts
 15543 | Lair:1   | Noticed a five-headed hydra
 15594 | Lair:1   | Killed a five-headed hydra
 15595 | Lair:1   | Reached XP level 11. HP: 21/88 MP: 3/17
 15705 | Lair:1   | Noticed a four-headed hydra
 16021 | Lair:1   | Killed a four-headed hydra
 16850 | Lair:2   | Reached skill level 5 in Spellcasting
 16850 | Lair:2   | Reached skill level 5 in Summonings
 16934 | Lair:2   | Reached skill level 1 in Fighting
 17001 | Lair:2   | Noticed Gastronok
 17024 | Lair:2   | Killed Gastronok
 17200 | Lair:2   | Noticed Nergalle
 17215 | Lair:2   | Killed Nergalle
 17215 | Lair:2   | Offered knowledge of Searing Ray by Vehumet.
 17240 | Lair:2   | Found a gate leading to a gauntlet.
 17249 | Gauntlet | Entered a Gauntlet
 17249 | Gauntlet | Found a transporter.
 17249 | Gauntlet | Found a transporter.
 17432 | Gauntlet | Found a transporter.
 17432 | Gauntlet | Found a transporter.
 17437 | Gauntlet | Noticed a fire crab
 17443 | Gauntlet | Found a transporter.
 17450 | Gauntlet | Found a transporter.
 17456 | Gauntlet | Found a large runed translucent door.
 17456 | Gauntlet | Noticed an entropy weaver
 17457 | Gauntlet | Found a large runed translucent door.
 17458 | Gauntlet | Found a large runed translucent door.
 17458 | Gauntlet | Found a large runed translucent door.
 17459 | Gauntlet | Found a runed translucent gate.
 17459 | Gauntlet | Found a large runed translucent door.
 17459 | Gauntlet | Found a large runed translucent door.
 17459 | Gauntlet | Found a runed translucent door.
 17460 | Gauntlet | Found a transporter.
 17460 | Gauntlet | Found a runed translucent gate.
 17460 | Gauntlet | Found a transporter.
 17460 | Gauntlet | Found a large runed translucent door.
 17460 | Gauntlet | Noticed a dire elephant
 17461 | Gauntlet | Found a runed translucent gate.
 17461 | Gauntlet | Found a runed translucent door.
 17461 | Gauntlet | Found a large runed translucent door.
 17463 | Gauntlet | Found a transporter.
 17468 | Gauntlet | Found a large runed translucent door.
 17468 | Gauntlet | Found a large runed translucent door.
 17469 | Gauntlet | Found a large runed translucent door.
 17470 | Gauntlet | Found a large runed translucent door.
 17479 | Gauntlet | Found a large runed translucent door.
 17479 | Gauntlet | Found a large runed translucent door.
 17490 | Gauntlet | Found a transporter.
 17497 | Gauntlet | Found a transporter.
 17517 | Gauntlet | Found a transporter.
 17551 | Gauntlet | Found a transporter.
 17567 | Gauntlet | Found a transporter.
 17667 | Gauntlet | Found a transporter.
 17681 | Gauntlet | Found a transporter.
 17697 | Gauntlet | Found a large runed translucent door.
 17697 | Gauntlet | Found a large runed translucent door.
 17797 | Gauntlet | Reached skill level 5 in Fighting
 18143 | Gauntlet | Identified a scroll of acquirement
 18155 | Gauntlet | Acquired 805 gold pieces
 18171 | Gauntlet | HP: 4/104 [redback (11)]
 18171 | Gauntlet | Slain by a jumping spider

Illustrated notes

Levels and vault maps discovered:
D:1:      lordsloth_arrival_two_stooges, layout_loops_corners,
          basic_ecumenical_altar, serial_bayou, serial_bayou_lagoon_b,
          serial_bayou_pond_d, serial_bayou_pond_a, serial_bayou_pond_b
D:2:      layout_loops_cross, serial_shops, shop, palyth_stone_intersect,
          uniq_crazy_yiuf_cottage
D:3:      layout_loops_corners
D:4:      layout_cave_pools, grunt_temple_overflow_open, lightli_minifort,
          uniq_robin
D:5:      layout_loops_ring, minmay_temple_entry_drinking_statues
D:6:      layout_basic, lemuel_doored_altar, nicolae_vehumet_radiance,
          amcnicky_altar_gilded
D:7:      lemuel_bear_cage, layout_basic, minitemple, uniq_harold
D:8:      layout_rooms, serial_shops, nicolae_shop_window_shopping
D:9:      layout_basic, lair_entry_dummy, uniq_grum
Temple:   minmay_temple_bridge_abc
Lair:1:   layout_cave_pods, serial_forest, infiniplex_forest_clump_medium,
          infiniplex_forest_straight_5, infiniplex_forest_end_1,
          infiniplex_forest_corner_2, infiniplex_forest_clump_C,
          infiniplex_forest_clump_small, infiniplex_forest_straight_2,
          infiniplex_forest_clump_C, infiniplex_forest_3_way
Lair:2:   layout_layer_cave, gauntlet_entry_generic, grunt_megastairs_3,
          serial_bayou_shore_a, uniq_gastronok, uniq_nergalle
Gauntlet: gammafunk_gauntlet_branching [nicolae_gauntlet_swirl,
          nicolae_gauntlet_arena_blocks, gammafunk_gauntlet_arena_corners,
          gammafunk_gauntlet_arena_split_x, gammafunk_gauntlet_arena_open,
          nicolae_gauntlet_arena_quarters, gammafunk_gauntlet_arena_hedges,
          minmay_gauntlet_arena_make_your_own_arena, gauntlet_exit_spiral]

Skill      XL: |  1  2  3  4  5  6  7  8  9 10 11 |
---------------+----------------------------------+-----
Ice Magic      | 4 5 6 7 8 10 12 14 | 14.0
Summonings     | 4 5 |  5.0
Spellcasting   | 4 5 |  5.0
Fighting       | 5 |  5.5
Dodging        | 3 |  3.2
Stealth        | |  1.4

Action                   |  1- 3 |  4- 6 |  7- 9 | 10-12 || total
-------------------------+-------+-------+-------+-------++-------
Melee: Unarmed           |    28 |    37 |       |       ||    65
       Long sword        |       |    42 |   163 |    34 ||   239
       Scimitar          |       |       |       |   115 ||   115
 Cast: Freeze            |    57 |    58 |    15 |    33 ||   163
       Frozen Ramparts   |       |    12 |    27 |    18 ||    57
       Ozocubu's Armour  |       |       |    16 |    21 ||    37
       Summon Ice Beast  |       |       |       |    41 ||    41
Evoke: Wand              |       |       |     7 |     7 ||    14
  Use: Potion            |       |     2 |       |     5 ||     7
       Scroll            |       |       |    12 |    12 ||    24
 Stab: Sleeping          |     2 |     3 |     1 |       ||     6
Armor: Robe              |    21 |    49 |   103 |    93 ||   266
Dodge: Dodged            |    30 |    69 |   126 |   119 ||   344
       Rpst.: Long sword |       |     9 |    38 |     7 ||    54
       Scimitar          |       |       |       |    22 ||    22

Table legend: (Time is in decaauts)
 A = Elapsed time spent in this place.
 B = Non-inter-level travel time spent in this place.
 C = Inter-level travel time spent in this place.
 D = Time resting spent in this place.
 E = Time spent auto-exploring this place.
 F = Levels seen in this place.
 G = Mean time per level.
                   A        B        C        D        E       F      G
               +--------+--------+--------+--------+--------+-----+--------+
         Total |  18338 |  17878 |    460 |   4326 |  10890 |  13 | 1410.6 |
       Dungeon |  15267 |  14858 |    409 |   3835 |   8998 |   9 | 1696.3 |
        Temple |     84 |     65 |     19 |      0 |     22 |   1 |   84.0 |
          Lair |   2065 |   2033 |     32 |    200 |   1415 |   2 | 1032.5 |
      Gauntlet |    921 |    921 |      0 |    291 |    455 |   1 |  921.0 |
               +--------+--------+--------+--------+--------+-----+--------+

Top non-repeatable levels by time:
     D:9: 2724 daAuts
     D:6: 2416 daAuts
     D:7: 1904 daAuts
  Lair:1: 1622 daAuts
     D:8: 1556 daAuts
     D:3: 1521 daAuts
     D:2: 1517 daAuts
     D:1: 1233 daAuts
     D:4: 1223 daAuts
     D:5: 1169 daAuts
Gauntlet: 921 daAuts
  Lair:2: 442 daAuts
  Temple: 84 daAuts
